 Dungeon Crawl Stone Soup version 0.29.1-4-g47bece8355 (webtiles) character file.

Game seed: 276688498821213179

1388 javelincjr the Magician (level 8, 0/44 HPs)
             Began as a Deep Elf Conjurer on Dec 6, 2022.
             Slain by Edmund
             ... wielding a +2 flail of protection
              (7 damage)
             ... on level 5 of the Dungeon.
             The game lasted 00:37:22 (5608 turns).

javelincjr the Magician (Deep Elf Conjurer)         Turns: 5608, Time: 00:37:22

Health: 0/44       AC: 10    Str:  4    XL:     8   Next: 40%
Magic:  5/21       EV: 13    Int: 26    God:
Gold:   273        SH:  0    Dex: 13    Spells: 19/22 levels left

rFire   x . .      SeeInvis .   y - +5 quarterstaff (chaos)
rCold   + + .      Faith    .   (shield currently unavailable)
rNeg    . . .      Spirit   .   a - +1 robe
rPois   .          Reflect  .   n - +2 helmet
rElec   .          Harm     .   A - +0 cloak
rCorr   .          Rampage  .   j - +0 pair of gloves
Will    .....                   h - +1 pair of boots
Stlth   +++.......              (no amulet)
HPRegen 0.14/turn               q - ring of ice
MPRegen 0.17/turn               w - ring of protection from cold

@: no status effects
A: no striking features
a: no special abilities


You were on level 5 of the Dungeon.
You visited 1 branch of the dungeon, and saw 7 of its levels.

You collected 273 gold pieces.

Inventory:

Hand Weapons
 g - a +0 short sword
 l - a +1 dagger of venom
 v - a +3 falchion of flaming
 y - a +5 quarterstaff of chaos (weapon)
Missiles
 d - 5 poisoned darts (quivered)
 p - 4 boomerangs
Armour
 a - a +1 robe (worn)
 h - a +1 pair of boots (worn)
 j - a +0 pair of gloves (worn)
 m - a +0 animal skin
 n - a +2 helmet (worn)
 A - a +0 cloak (worn)
Jewellery
 q - a ring of ice (left hand)
 w - a ring of protection from cold (right hand)
Wands
 o - a wand of mindburst (16)
Scrolls
 e - 5 scrolls of identify
 u - a scroll of silence
 x - a scroll of fear {unknown}
Potions
 b - a potion of magic
 c - a potion of resistance {unknown}
 f - a potion of invisibility
 i - a potion of degeneration
 r - a potion of flight
 s - 2 potions of curing
 t - a potion of mutation {unknown}
 z - a potion of brilliance


   Skills:
 + Level 2.0 Fighting
 + Level 2.7 Short Blades
 + Level 0.3 Staves
 + Level 4.2 Dodging
 + Level 6.2 Stealth
 + Level 0.1 Unarmed Combat
 + Level 7.6 Spellcasting
 + Level 7.6 Conjurations


You had 19 spell levels left.
You knew the following spells:

 Your Spells              Type           Power      Damage    Failure   Level
a - Magic Dart            Conj           100%       1d8       1%          1
b - Searing Ray           Conj           98%        2d8       1%          2

Your spell library contained the following spells:

 Spells                   Type           Power      Damage    Failure   Level
 Dazzling Flash           Conj/Hex       58%        N/A       3%          3
 Ensorcelled Hibernation  Hex/Ice        28%        N/A       9%          2
 Passwall                 Tmut/Erth      7%         N/A       9%          2
 Sublimation of Blood     Necr           9%         N/A       9%          2
 Fulminant Prism          Conj/Hex       14%        3d9       12%         4
 Iskenderun's Mystic Bla  Conj/Tloc      29%        2d7       12%         4
 Ozocubu's Armour         Ice            14%        N/A       19%         3
 Swiftness                Air            9%         N/A       19%         3
 Irradiate                Conj/Tmut      14%        3d16      34%         5
 Petrify                  Tmut/Erth      9%         N/A       52%         4
 Ozocubu's Refrigeration  Ice            7%         4d9       100%        7


Dungeon Overview and Level Annotations

Branches:
Dungeon (7/15)
 Temple: D:4-7

Altars:
Ashenzari
Fedhas
Kikubaaqudgha
Nemelex Xobeh
Uskayaw
Yredelemnul
The Shining One

Shops:
D:2 (

Annotations:
D:5 Edmund


Message History

The searing ray hits Edmund!
Edmund is severely wounded.
Edmund misses you.
The searing ray misses Edmund.
Edmund hits you with a +2 flail of protection!
The searing ray hits Edmund!
Edmund is almost dead.
You finish channelling your searing ray.
Edmund hits you with a +2 flail of protection.
Casting: Searing Ray (safe; 1% risk of failure)
Confirm with . or Enter, or press ? or * to list all spells.
Aiming: Searing Ray (safe; 1% risk of failure)
Press: ? - help, Shift-Dir - straight line, f/p - Edmund
Aim: Edmund, wielding a +2 flail of protection, wearing a +0 ring mail and quivering stones (almost dead, 85% to hit)
The searing ray misses Edmund. (Press . to maintain the ray.) Edmund misses you.
The searing ray hits Edmund.
Edmund is almost dead.
Edmund hits you with a +2 flail of protection.
* * * LOW HITPOINT WARNING * * *
The searing ray hits Edmund but does no damage.
Edmund is almost dead.
Edmund barely misses you.
The searing ray misses Edmund.
You finish channelling your searing ray.
Edmund hits you with a +2 flail of protection.
* * * LOW HITPOINT WARNING * * *
Casting: Searing Ray (safe; 1% risk of failure)
Confirm with . or Enter, or press ? or * to list all spells.
Aiming: Searing Ray (safe; 1% risk of failure)
Press: ? - help, Shift-Dir - straight line, f/p - Edmund
Aim: Edmund, wielding a +2 flail of protection, wearing a +0 ring mail and quivering stones (almost dead, 85% to hit)
The searing ray hits Edmund.
Edmund is almost dead. (Press . to maintain the ray.) Edmund barely misses you.
The searing ray misses Edmund.
Edmund hits you with a +2 flail of protection!
You die...

##....# ### #.
##.....## ##.#
#.
#.......###..#
#.
#.......#....#
#.
#...>.....##.#
##
##......####.#
#
#........###.#
..
#.......†.##.#
...
#.......#..#@#
.#.
##.....###.#@#
.. ##...##
#>#.## ..
##### #....##
.. .. ###...#
#. .# #.#..#
###.### ..
#.##.###.....#
## #.#
.........# #
#.#
#.......### #


You could see Edmund.

Vanquished Creatures
  Grinder (D:5)
  Sigmund (D:4)
  Eustachio (D:4)
  Menkaure (D:4)
  A centaur (D:5)
  An ogre (D:5)
  A scorpion (D:5)
  A howler monkey (D:5)
  Crazy Yiuf (D:4)
  3 hounds
  4 jellies
  An iguana (D:5)
  Robin (D:2)
  7 gnolls (D:5)
  9 adders
  A worm (D:2)
  4 dart slugs
  2 orcs
  6 ball pythons
  3 endoplasms
  5 giant cockroaches
  12 goblins
  7 hobgoblins
  12 jackals
  7 kobolds
  2 quokkas
  7 bats
  3 frilled lizards (D:2)
  5 rats
  2 bushes (D:5)
112 creatures vanquished.

Vanquished Creatures (others)
  15 plants (D:4)
15 creatures vanquished.

Grand Total: 127 creatures vanquished

Notes
Turn   | Place    | Note
-------+----------+-------------------------------------------
     0 | D:1      | javelincjr the Deep Elf Conjurer began the quest for the
                  | Orb.
     0 | D:1      | Reached XP level 1. HP: 10/10 MP: 6/6
   338 | D:1      | Reached XP level 2. HP: 15/15 MP: 6/8
   578 | D:1      | Reached skill level 5 in Conjurations
   832 | D:1      | Reached XP level 3. HP: 19/19 MP: 5/9
  1394 | D:2      | Noticed Robin
  1403 | D:2      | Learned a level 2 spell: Searing Ray
  1405 | D:2      | Killed Robin
  1660 | D:2      | Found a faded altar of an unknown god.
  1760 | D:2      | Reached XP level 4. HP: 24/24 MP: 6/11
  1825 | D:2      | Found Guwk's Antique Weapon Shoppe.
  3123 | D:3      | Reached skill level 1 in Fighting
  3123 | D:3      | Reached skill level 1 in Short Blades
  3123 | D:3      | Reached XP level 5. HP: 29/29 MP: 7/13
  3267 | D:4      | Found a basalt altar of Yredelemnul.
  3277 | D:4      | Noticed Eustachio
  3645 | D:5      | Entered Level 5 of the Dungeon
  3656 | D:5      | Found a glowing golden altar of the Shining One.
  3797 | D:5      | Noticed Edmund
  3899 | D:5      | Reached XP level 6. HP: 34/34 MP: 8/15
  4058 | D:4      | Killed Eustachio
  4059 | D:4      | Reached skill level 5 in Spellcasting
  4137 | D:4      | Noticed Menkaure
  4143 | D:4      | Killed Menkaure
  4144 | D:4      | Reached skill level 5 in Stealth
  4144 | D:4      | Reached XP level 7. HP: 38/38 MP: 8/17
  4339 | D:4      | Found a broken altar of Ashenzari.
  4351 | D:4      | Noticed Sigmund
  4354 | D:4      | Killed Sigmund
  4446 | D:4      | Found a hide-covered altar of Uskayaw.
  4593 | D:4      | Found a sparkling altar of Nemelex Xobeh.
  4661 | D:4      | Found a runed translucent door.
  4662 | D:4      | Noticed Crazy Yiuf
  4670 | D:4      | Killed Crazy Yiuf
  4976 | D:4      | Reached XP level 8. HP: 42/44 MP: 4/20
  5085 | D:5      | Found a blossoming altar of Fedhas.
  5276 | D:6      | Found an ancient bone altar of Kikubaaqudgha.
  5349 | D:5      | Noticed Grinder
  5353 | D:5      | Paralysed by Grinder for 3 turns
  5361 | D:5      | Killed Grinder
  5608 | D:5      | Slain by Edmund

Illustrated notes

Levels and vault maps discovered:
D:1:      nagdon_arrival_double_spiral, layout_loops_ring, chequers_garden,
          roderic_serpentine_path, grunt_decor_arrowhead, hex_large
D:2:      layout_loops_ring, serial_shops, nicolae_shop_advertising_works
          [nicolae_subvault_shop_adworks],
          hellmonk_ecumenical_altar_prayer_group, uniq_robin
D:3:      layout_basic, wad_floor_pattern_2, minmay_increasing_density
D:4:      layout_cave_pools, kennysheep_little_box,
          mainiacjoe_overflow_chevrons, kennysheep_mini,
          eat_drink_and_be_merry_uskayaw, uniq_eustachio,
          uniq_crazy_yiuf_cottage, uniq_menkaure, uniq_sigmund
D:5:      layout_rooms, mainiacjoe_overflow_six_doors_small,
          fedhas_bush_and_centaur_altar, mainiacjoe_overflow_cross_hatched,
          uniq_grinder, uniq_blork_the_orc, uniq_edmund
D:6:      layout_gridville, okawaru_ov_weapons_minmay,
          mainiacjoe_overflow_concentric_impassable, zin_academy, uniq_duvessa
D:7:      layout_loops_ring, mainiacjoe_overflow_brackets,
          nicolae_overflow_hidden_temple, minmay_temple_entry_water_ring,
          hangedman_decor_diamond_cutter, uniq_joseph

Skill      XL: |  1  2  3  4  5  6  7  8 |
---------------+-------------------------+-----
Conjurations   | 5 6 7 |  7.6
Stealth        | 3 4 5 6 |  6.2
Fighting       | 1 2 |  2.0
Short Blades   | 1 2 |  2.7
Spellcasting   | 4 5 6 7 |  7.6
Dodging        | 3 4 |  4.2
Staves         | |  0.3
Unarmed Combat | |  0.1

Action                   |  1- 3 |  4- 6 |  7- 9 || total
-------------------------+-------+-------+-------++-------
Melee: Unarmed           |     8 |       |       ||     8
       Short sword       |     4 |       |       ||     4
       Dagger            |    24 |    21 |       ||    45
       Punch             |     1 |       |       ||     1
       Falchion          |       |     2 |     5 ||     7
       Quarterstaff      |       |       |   130 ||   130
 Cast: Magic Dart        |    62 |    51 |    32 ||   145
       Searing Ray       |     2 |    11 |    23 ||    36
  Use: Scroll            |       |    10 |     4 ||    14
       Potion            |       |     7 |       ||     7
 Stab: Sleeping          |       |     3 |       ||     3
Armor: Robe              |     5 |    10 |    13 ||    28
Dodge: Dodged            |    31 |    15 |    21 ||    67
